Map: Acropolis LE

Players

Smeeeger - Winner!

  • Race: Zerg Zerg
  • League: Platinum
  • Spawn Location: 11:00

Littlefur

  • Race: Terran Terran
  • Spawn Location: 5:00

VOD

Have the link to the VOD?

Description

Time

  • Played on: July 19, 2019, 10:46 a.m.
  • Length: 9:17
Show
View Real Time Build Order
Export as new Build Order

Smeeeger Zerg - Winner!

Build Orders: Hatch First 

Get SALT Encoding   

  12  0:01  Drone  
  13  0:14  Overlord  
  13  0:20  Drone  
  14  0:33  Drone x2  
  16  0:38  Drone  
  17  0:48  Drone  
  18  0:57  Hatchery  
  18  0:59  Drone  
  18  1:02  Extractor  
  17  1:15  Spawning Pool  
  16  1:19  Drone  
  16  1:24  Drone  
  18  1:30  Drone  
  19  1:41  Overlord  
  19  2:04  Queen  
  19  2:05  Zergling x4  
  23  2:09  Queen  
  23  2:10  Zergling x2  
  26  2:17  Metabolic Boost  
  26  2:38  Drone x4  
  26  2:39  Drone  
  31  2:50  Drone x2  
  31  2:51  Queen  
  33  2:57  Drone  
  36  3:01  Overlord  
  36  3:11  Hatchery  
  35  3:19  Drone  
  37  3:20  Drone x2, Overlord  
  38  3:35  Drone x3, Overlord  
  38  3:36  Zergling x2  
  38  3:37  Zergling x2  
  43  3:47  Drone x2  
  45  3:48  Overlord  
  45  3:51  Extractor  
  45  3:54  Extractor  
  43  4:03  Roach Warren  
  43  4:05  Evolution Chamber  
  41  4:12  Spore Crawler  
  41  4:15  Lair  
  41  4:16  Drone  
  41  4:17  Drone x3  
  43  4:18  Drone x2  
  46  4:26  Drone x3  
  46  4:27  Overlord  
  49  4:35  Queen  
  48  5:09  Spore Crawler  
  48  5:11  Drone x6  
  53  5:17  Glial Reconstitution  
  53  5:18  Zerg Missile Weapons Level 1  
  53  5:24  Baneling Nest  
  53  5:28  Hatchery  
  51  5:30  Drone x2  
  51  5:32  Hatchery  
  51  5:34  Drone x3, Extractor  
  54  5:37  Drone  
  54  5:38  Roach, Drone x2  
  54  5:39  Roach x3  
  65  5:54  Overlord x2  
  65  5:55  Overlord x3  
  65  6:03  Drone, Evolution Chamber  
  65  6:21  Drone x2  
  65  6:22  Drone x3  
  65  6:23  Roach x8  
  86  6:26  Drone x2, Extractor  
  86  6:27  Extractor  
  86  6:28  Overseer  
  86  6:33  Zerg Ground Armor Level 1  
  86  6:40  Roach x3  
  86  6:42  Drone  
  86  6:43  Drone  
  86  6:44  Drone  
  95  6:48  Overlord  
  95  6:50  Overlord  
  95  6:57  Roach  
  95  6:58  Roach x3  
  95  6:59  Ravager  
  95  7:00  Ravager  
  105  7:04  Baneling Nest  
  105  7:05  Drone x2  
  105  7:07  Drone  
  107  7:15  Roach x3  
  113  7:16  Roach  
  113  7:17  Ravager  
  113  7:18  Ravager x2  
  113  7:20  Ravager  
  119  7:23  Roach  
  119  7:24  Roach  
  125  7:30  Roach x3  
  129  7:39  Drone x3  
  129  7:40  Drone  
  132  7:51  Hatchery  
  132  7:55  Zergling x4  
Show
View Real Time Build Order
Export as new Build Order

Littlefur Terran 

Build Orders:  

Get SALT Encoding   

  12  0:00  SCV  
  13  0:12  SCV  
  14  0:18  Supply Depot  
  14  0:24  SCV  
  15  0:39  SCV  
  15  0:41  Barracks  
  16  0:44  Refinery  
  16  0:51  SCV  
  17  1:03  SCV  
  18  1:16  SCV  
  19  1:28  Reaper, SCV  
  21  1:33  Command Center  
  21  1:40  SCV  
  21  1:42  Refinery  
  22  1:52  Orbital Command  
  22  2:04  Factory  
  22  2:21  Barracks, SCV  
  23  2:45  Orbital Command, SCV  
  23  2:48  Refinery  
  24  2:51  Starport  
  24  2:52  Factory Tech Lab  
  24  2:57  SCV  
  25  3:09  SCV  
  25  3:12  SCV  
  27  3:22  Siege Tank  
  27  3:23  SCV  
  27  3:24  SCV  
  27  3:25  Refinery  
  32  3:29  Viking  
  34  3:35  SCV  
  34  3:36  SCV  
  36  3:47  SCV  
  37  3:49  SCV  
  37  3:55  Armory  
  38  4:08  Supply Depot  
  38  4:30  Supply Depot, Viking, Siege Tank, SCV x2  
  44  4:42  SCV x2  
  46  4:54  SCV x2  
  47  5:03  Supply Depot  
  47  5:31  Supply Depot  
  47  5:33  Thor  
  47  5:35  Command Center, Medivac  
  55  5:39  Barracks Reactor x2  
  55  5:47  Barracks  
  55  5:49  Barracks  
  55  5:50  Barracks, SCV x2  
  55  5:52  Barracks  
  55  5:54  Terran Vehicle And Ship Armor Level 1  
  57  5:57  Armory  
  57  5:59  Armory  
  57  6:02  Engineering Bay, SCV x2  
  59  6:05  Engineering Bay  
  59  6:14  SCV x2  
  59  6:15  Thor  
  59  6:17  Medivac  
  69  6:27  Supply Depot, SCV x2  
  69  6:32  Terran Infantry Weapons Level 1  
  71  6:34  Terran Infantry Armor Level 1  
  71  6:43  Barracks Tech Lab  
  71  6:44  Barracks Reactor x3  
  71  6:47  Orbital Command  
  71  6:53  Refinery x2  
  71  6:57  Terran Vehicle Weapons Level 1  
  71  6:58  Terran Ship Weapons Level 1  
  71  7:04  SCV x2  
  73  7:28  Marine x10, Marauder  
  85  7:30  SCV  
  85  7:31  SCV x2  
  88  7:40  Supply Depot  
  88  7:42  SCV  
  88  7:43  SCV x2  
  91  7:55  Command Center  
  91  7:59  Supply Depot  
  91  8:01  Supply Depot  
  70  8:14  Marine x10, Marauder  
  68  8:31  Marine  
  68  8:32  Marine x7  
Tags
 
League
Platinum
Matchup
TvZ
Replay Pack
SC2 replays
Spawn Locations
Cross Positions
Add a new tag
Caveats
  • Supply blocks, unpowered buildings, or Contaminate may cause inaccurate times.
  • Supply counts are checked every 10 seconds.